 Dungeon Crawl Stone Soup version 0.22.1-1-ga44c0e5 (webtiles) character file.

76 HoaS the Ruffian (level 4, -4/40 HPs)
             Began as a Ghoul Monk on Oct 20, 2018.
             Slain by a gnoll
             ... wielding a +0 club
              (7 damage)
             ... on level 2 of the Dungeon.
             The game lasted 00:06:51 (1286 turns).

HoaS the Ruffian (Ghoul Monk)                       Turns: 1286, Time: 00:06:52

Health: -4/40      AC:  4    Str: 15    XL:     4   Next: 32%
Magic:  3/3        EV: 12    Int:  5    God:
Gold:   96         SH:  0    Dex: 11    Spells: 3/3 levels left

rFire    . . .     SeeInvis .     - Unarmed
rCold    + . .     Gourm    .   (no shield)
rNeg     + + +     Faith    .   e - +0 leather armour
rPois    ∞         Spirit   .   (no helmet)
rElec    .         Reflect  .   c - +0 cloak
rCorr    +         Harm     .   (no gloves)
MR       .....                  (no boots)
Stlth    ++........             d - amulet of regeneration
HPRegen  0.00/turn              k - ring of resist corrosion
MPRegen  0.08/turn              (no ring)

@: rotting
A: rotting body, claws 1, carnivore, cold resistance 1, negative energy
resistance 3, inhibited regeneration, torment resistance, unbreathing
a: no special abilities


You were on level 2 of the Dungeon.
You were not hungry.

You visited 1 branch of the dungeon, and saw 2 of its levels.

You collected 96 gold pieces.

Inventory:

Armour
 a - a +0 chain mail
 c - a +0 cloak (worn)
 e - a +0 leather armour (worn)
 g - a +0 pair of gloves
Jewellery
 d - an amulet of regeneration (around neck)
 k - a ring of resist corrosion (left claw)
Scrolls
 f - a scroll of remove curse
Potions
 h - a potion of might {unknown}
 i - a potion of ambrosia {unknown}
 j - a potion of lignification {unknown}
Comestibles
 b - 4 rations


   Skills:
 * Level 4.3 Fighting
 + Level 1.2 Armour
 - Level 2.6 Dodging
 - Level 2.1 Stealth
 * Level 4.3 Unarmed Combat


You had 3 spell levels left.
You didn't know any spells.
Your spell library contained the following spells:

 Spells                   Type           Power        Failure   Level  Hunger
 Flame Tongue             Conj/Fire      #....        54%         1    ##.....
 Throw Flame              Conj/Fire      #.....       69%         2    ###....
 Conjure Flame            Conj/Fire      #.......     89%         3    ####...
 Inner Flame              Hex/Fire       #.......     89%         3    ####...
 Sticky Flame             Conj/Fire      #.......     100%        4    #####..
 Fireball                 Conj/Fire      #.........   100%        5    ######.


Dungeon Overview and Level Annotations

Branches:
Dungeon (2/15)

Altars:
Cheibriados
Kikubaaqudgha


Innate Abilities, Weirdness & Mutations

Your body is rotting away.
You thrive on raw meat.
You are immune to poison.
You have sharp fingernails.
You are carnivorous and can eat meat at any time.
Your flesh is cold resistant. (rC+)
You are immune to negative energy. (rN+++)
You do not regenerate when monsters are visible.
You are immune to unholy pain and torment.
You can survive without breathing.


Message History

You are too injured to fight recklessly!
You barely miss the gnoll. The gnoll closely misses you. x2
The gnoll barely misses you.
You barely miss the gnoll. The gnoll hits you with a club!
The gnoll closely misses you.
You barely miss the gnoll.
The gnoll hits you from afar with a halberd.
* * * LOW HITPOINT WARNING * * *
The gnoll hits you with a club!
* * * LOW HITPOINT WARNING * * *
The gnoll barely misses you.
Your leather armour prevents you from hitting the gnoll.
The gnoll misses you. The gnoll barely misses you.
You scratch the gnoll.
The gnoll is moderately wounded.
The gnoll hits you but does no damage. The gnoll completely misses you.
You closely miss the gnoll.
The gnoll is moderately wounded.
The gnoll barely misses you. The gnoll hits you with a club!
You die...

##..............
#####............##.####
...##...................
##......................
####..>................
#................... ###
#..................[ ..#
#...........)gg).... ..#
#...........@g...$.. ..#
#####......#........ ###
########........
#........ #########


You could see 3 gnolls.

Vanquished Creatures
  A gnoll (D:2)
  An ooze (D:1)
  A worm (D:2)
  3 leopard geckos
  4 giant cockroaches
  6 hobgoblins
  A quokka (D:2)
  8 bats
  3 frilled lizards
  9 goblins
  9 kobolds
  9 rats
55 creatures vanquished.

Notes
Turn   | Place    | Note
-------+----------+-------------------------------------------
     0 | D:1      | HoaS the Ghoul Monk began the quest for the Orb.
     0 | D:1      | Reached XP level 1. HP: 19/19 MP: 0/0
   128 | D:1      | Reached XP level 2. HP: 26/26 MP: 1/1
   314 | D:1      | Reached XP level 3. HP: 28/33 MP: 2/2
   602 | D:1      | Reached skill level 1 in Armour
  1003 | D:2      | Found a snail-covered altar of Cheibriados.
  1062 | D:2      | Found an ancient bone altar of Kikubaaqudgha.
  1124 | D:2      | Reached XP level 4. HP: 40/40 MP: 3/3
  1286 | D:2      | Slain by a gnoll

Skill      XL: |  1  2  3 |
---------------+----------+-----
Armour         | 1 |  1.2
Unarmed Combat | 4 |  4.3
Fighting       | 4 |  4.3
Dodging        | |  2.6
Stealth        | |  2.1

Action                   |  1- 3 |  4- 6 || total
-------------------------+-------+-------++-------
Melee: Unarmed           |   134 |    23 ||   157
  Use: Scroll            |     5 |       ||     5
 Stab: Sleeping          |     7 |     1 ||     8
  Eat: Chunk             |    35 |     7 ||    42
Armor: Robe              |    35 |       ||    35
       Leather armour    |     6 |     9 ||    15
Dodge: Dodged            |    94 |    23 ||   117
